 Dungeon Crawl Stone Soup version 0.26-a0-576-gcfaa98f945 (webtiles) character file.

Game seed: 12117929255612895488

996 ANON1729 the Skirmisher (level 7, -1/56 HPs)
             Began as a Demonspawn Delver on Aug 22, 2020.
             Was a Follower of Dithmenos.
             Slain by a hippogriff (5 damage)
             ... on level 7 of the Dungeon.
             The game lasted 00:10:40 (5476 turns).

ANON1729 the Skirmisher (Demonspawn Delver)         Turns: 5476, Time: 00:10:41

Health: -1/56      AC:  4    Str: 12    XL:     7   Next: 99%
Magic:  10/10      EV: 16    Int: 11    God:    Dithmenos [*.....]
Gold:   380        SH:  0    Dex: 17    Spells: 6/6 levels left

rFire    . . .     SeeInvis +   k - +0 long sword (vorpal)
rCold    . . .     Faith    .   (no shield)
rNeg     . . .     Spirit   .   b - +0 leather armour
rPois    +         Reflect  .   (helmet restricted)
rElec    .         Harm     .   y - +0 cloak
rCorr    .                      (no gloves)
MR       .....                  (no boots)
Stlth    +++.......             (no amulet)
HPRegen  0.18/turn              m - ring of see invisible
MPRegen  0.12/turn              p - ring of poison resistance

@: wreathed by umbra
A: antennae 2, repulsion field 2, demonic guardian 1
a: Renounce Religion


You were on level 7 of the Dungeon.
You worshipped Dithmenos.
Dithmenos was aware of your devotion.
You visited 2 branches of the dungeon, and saw 8 of its levels.

You collected 380 gold pieces.

Inventory:

Hand Weapons
 k - a +0 vorpal long sword (weapon)
Armour
 b - a +0 leather armour (worn)
 y - a +0 cloak (worn)
Jewellery
 m - a ring of see invisible (left hand)
 n - an uncursed amulet of faith
 p - a ring of poison resistance (right hand)
 u - an uncursed amulet of inaccuracy
 w - an uncursed amulet of magic regeneration {unknown}
Wands
 a - a wand of polymorph (6)
 g - a wand of digging (3)
Scrolls
 c - 2 scrolls of fog
 d - 3 scrolls of magic mapping
 e - a scroll of fear
 h - 4 scrolls of identify
 i - 2 scrolls of immolation {unknown}
 j - 2 scrolls of teleportation {unknown}
 l - 6 scrolls of remove curse
 s - 3 scrolls of amnesia {unknown}
 z - a scroll of enchant armour {unknown}
Potions
 f - 5 potions of haste
 o - a potion of stabbing {unknown}
 q - 2 potions of brilliance {unknown}
 r - 3 potions of might {unknown}
 t - 2 potions of curing {unknown}
 v - 2 potions of heal wounds {unknown}
 x - a potion of lignification {unknown}


   Skills:
 + Level 5.6 Fighting
 + Level 4.7 Long Blades
 - Level 1.0 Armour
 * Level 3.7 Dodging
 + Level 5.2 Stealth
 * Level 4.4 Invocations
 - Level 1.1 Evocations


You had 6 spell levels left.
You didn't know any spells.
Your spell library was empty.

Dungeon Overview and Level Annotations

Branches:
Dungeon (7/15)             Temple (1/1) D:4

Altars:
Ashenzari
Cheibriados
Dithmenos
Elyvilon
Fedhas
Gozag
Hepliaklqana
Kikubaaqudgha
Makhleb
Okawaru
Qazlal
Ru
Sif Muna
Trog
Uskayaw
Vehumet
Wu Jian
Xom
Yredelemnul
Zin
The Shining One

Shops:
D:4 (

Annotations:
D:3 Grinder


Innate Abilities, Weirdness & Mutations

You have a pair of antennae on your head.
You are surrounded by a moderate repulsion field. (EV +3)
A weak demonic guardian rushes to your aid.


Message History

The hippogriff is heavily wounded.
The hippogriff completely misses you. The hippogriff misses you. x2
You hit the hippogriff.
The hippogriff is severely wounded.
The hippogriff barely misses you. The hippogriff completely misses you.
The hippogriff claws you but does no damage.
You hit the hippogriff.
The hippogriff is severely wounded.
The hippogriff bites you. The hippogriff completely misses you.
The hippogriff barely misses you.
You barely miss the hippogriff.
The hippogriff is severely wounded.
The hippogriff bites you.
The hippogriff pecks you but does no damage.
The hippogriff claws you!
* * * LOW HITPOINT WARNING * * *
The hippogriff bites you.
* * * LOW HITPOINT WARNING * * *
The hippogriff pecks you.
You die...

###. .....
################.$....
#........>5.@H........
#.#######..#####......
#.# #..# { ..... #)#
#..# .... #.# #..# ...
#.# #....# ## #####.#
.......#
....#.##.##....#
....#.## #....#


You could see a hippogriff and a friendly iron imp (summoned).

Vanquished Creatures
  Prince Ribbit (D:6)
  A water moccasin (D:6)
  A black bear (D:7)
  A sky beast (Temple)
  3 ogres
  A scorpion (D:4)
  An orc priest (D:5)
  A jelly (D:7)
  A bullfrog skeleton (D:4)
  A hound (D:7)
  Crazy Yiuf (D:6)
  A worker ant (D:6)
  8 adders
  An ufetubus (D:5)
  An ooze (D:3)
  An adder skeleton (D:6)
  An adder zombie (D:5)
  2 worms (D:2)
  2 dart slugs
  6 leopard geckos
  8 orcs
  10 giant cockroaches
  11 goblins
  3 hobgoblins
  A jackal (D:7)
  5 kobolds (D:1)
  A quokka (D:6)
  2 ball pythons
  5 bats
  7 frilled lizards
  A leopard gecko skeleton (D:5)
  8 rats
98 creatures vanquished.

Vanquished Creatures (collateral kills)
  3 jackals (D:7)
3 creatures vanquished.

Vanquished Creatures (others)
  A centaur (D:5)
  An ogre (D:5)
  A scorpion (D:5)
  A hound (D:5)
  A jelly (D:5)
  A bullfrog skeleton (D:5)
  A worker ant (D:5)
  An adder (D:5)
  A quokka zombie (D:5)
9 creatures vanquished.

Grand Total: 110 creatures vanquished

Notes
Turn   | Place    | Note
-------+----------+-------------------------------------------
     0 | D:5      | ANON1729 the Demonspawn Delver began the quest for the Orb.
     0 | D:5      | Reached XP level 1. HP: 18/18 MP: 1/1
    15 | D:5      | Killed a hound
    30 | D:5      | Killed an ogre
    38 | D:5      | Killed a jelly
    40 | D:5      | Killed a scorpion
    45 | D:5      | Noticed an orc wizard
    47 | D:5      | Noticed an orc priest
    68 | D:4      | Reached skill level 1 in Armour
    68 | D:4      | Reached skill level 1 in Evocations
    68 | D:4      | Gained mutation: You are surrounded by a mild repulsion
                  | field. (EV +2) [demonic ancestry]
    68 | D:4      | Reached XP level 2. HP: 10/24 MP: 2/2
    68 | D:4      | Gained mutation: You are surrounded by a moderate repulsion
                  | field. (EV +3) [demonic ancestry]
    68 | D:4      | Reached XP level 3. HP: 13/29 MP: 3/3
   317 | D:4      | Found Peof Piu's Weapon Shop.
   340 | D:4      | Noticed a scorpion
   341 | D:4      | Noticed a sky beast
   875 | D:3      | Noticed Grinder
   890 | D:3      | Paralysed by Grinder for 6 turns
  1274 | D:2      | Gained mutation: You have a pair of small antennae on your
                  | head. [demonic ancestry]
  1274 | D:2      | Reached XP level 4. HP: 33/37 MP: 4/4
  2682 | D:1      | Reached XP level 5. HP: 42/42 MP: 5/5
  2966 | D:3      | Paralysed by Grinder for 3 turns
  3404 | D:4      | Found a staircase to the Ecumenical Temple.
  3443 | Temple   | Entered the Ecumenical Temple
  3452 | Temple   | Killed a sky beast
  3452 | Temple   | Gained mutation: A weak demonic guardian rushes to your
                  | aid. [demonic ancestry]
  3452 | Temple   | Reached XP level 6. HP: 32/50 MP: 6/6
  3518 | Temple   | Became a worshipper of Dithmenos the Shadowed
  3779 | D:5      | Found a shadowy altar of Dithmenos.
  3850 | D:5      | Reached skill level 5 in Fighting
  3850 | D:5      | Reached skill level 1 in Invocations
  4156 | D:5      | Found a shimmering altar of Xom.
  4493 | D:6      | Noticed Prince Ribbit
  4499 | D:6      | Killed Prince Ribbit
  4499 | D:6      | Reached * piety under Dithmenos
  4499 | D:6      | Gained mutation: You have a pair of antennae on your head.
                  | [demonic ancestry]
  4499 | D:6      | Reached XP level 7. HP: 32/56 MP: 7/9
  4814 | D:6      | Reached skill level 5 in Stealth
  4961 | D:6      | Found a runed translucent door.
  4962 | D:6      | Noticed Crazy Yiuf
  5132 | D:6      | Killed Crazy Yiuf
  5462 | D:7      | Noticed a hippogriff
  5476 | D:7      | Slain by a hippogriff

Illustrated notes

Levels and vault maps discovered:
D:1:      minmay_arrival_pointy, layout_loops_ring, serial_forest,
          infiniplex_forest_pool, infiniplex_forest_diagonal,
          infiniplex_forest_lined_corner, infiniplex_forest_clump_cross,
          infiniplex_forest_lined_room_, infiniplex_forest_straight_3,
          infiniplex_forest_lined_2, infiniplex_forest_straight_2,
          infiniplex_forest_clump_large, corexii_leaking_fountain,
          nrook_campfire, corner_web_ring, minmay_worlds_worst_comb
D:2:      minmay_thinvault, layout_rooms, st_stairs_3,
          wander_ebering_terrifying_dragon_lair
D:3:      layout_loops_cross, minmay_misc_feat_plants, uniq_grinder
D:4:      layout_basic, minmay_temple_entry_glass, serial_shops, shop,
          kennysheep_nondescript
D:5:      layout_cave_pools, basic_altar, xom_confusion_cloud
D:6:      layout_basic, uniq_prince_ribbit1, uniq_crazy_yiuf_cottage
D:7:      layout_basic, chequers_jeans, tgw_sif
Temple:   nicolae_temple_the_god_donut

Skill      XL: |  1  2  3  4  5  6  7 |
---------------+----------------------+-----
Long Blades    | 2 3 4 |  4.7
Armour         | 1 |  1.0
Evocations     | 1 |  1.1
Dodging        | 2 3 |  3.7
Fighting       | 4 5 |  5.6
Invocations    | 2 4 |  4.4
Stealth        | 5 |  5.2

Action                   |  1- 3 |  4- 6 |  7- 9 || total
-------------------------+-------+-------+-------++-------
Melee: Falchion          |    12 |       |       ||    12
       Long sword        |    38 |   182 |    57 ||   277
  Use: Potion            |       |     1 |       ||     1
       Scroll            |       |     2 |       ||     2
 Stab: Sleeping          |     6 |    17 |     2 ||    25
       Distracted        |       |     1 |     2 ||     3
Armor: Leather armour    |     9 |    37 |    13 ||    59
Dodge: Dodged            |    33 |   139 |    52 ||   224
       Rpst.: Falchion   |     2 |       |       ||     2
       Long sword        |     9 |    43 |    17 ||    69

Table legend: (Time is in decaauts)
 A = Elapsed time spent in this place.
 B = Non-inter-level travel time spent in this place.
 C = Inter-level travel time spent in this place.
 D = Time resting spent in this place.
 E = Time spent auto-exploring this place.
 F = Levels seen in this place.
 G = Mean time per level.
                   A        B        C        D        E       F      G
               +--------+--------+--------+--------+--------+-----+--------+
         Total |   5530 |   5277 |    253 |   1136 |   3104 |   8 |  691.2 |
       Dungeon |   5445 |   5200 |    245 |   1136 |   3104 |   7 |  777.9 |
        Temple |     85 |     77 |      8 |      0 |      0 |   1 |   85.0 |
               +--------+--------+--------+--------+--------+-----+--------+

Top non-repeatable levels by time:
     D:2: 1261 daAuts
     D:6: 892 daAuts
     D:1: 879 daAuts
     D:4: 760 daAuts
     D:3: 750 daAuts
     D:5: 591 daAuts
     D:7: 309 daAuts
  Temple: 85 daAuts
